 Dungeon Sprint DCSS version 0.30-a0-913-g9934a0ce24 (webtiles) character file.

Game seed: 3858294958682302277

26891 fozzywoppz the Peltast (level 13, -13/92 HPs)
             Began as a Gargoyle Fighter on Mar 19, 2023.
             Was the Champion of Qazlal.
             Mangled by an iron golem (19 damage)
             ... in the Dungeon (Sprint V: "Ziggurat Sprint").
             The game lasted 00:09:50 (770 turns).

fozzywoppz the Peltast (Gargoyle Fighter)            Turns: 770, Time: 00:09:51

Health: -13/92     AC: 45    Str: 33    XL:     13   Next: 28%
Magic:  14/24      EV:  6    Int: 13    God:    Qazlal [******]
Gold:   0          SH: 31    Dex: 11    Spells: 12/12 levels left

rFire   + + .      SeeInvis +    C - +16 obsidian axe {drain, demonic, Mesm Drain Fly SInv}
rCold   + . .      Faith    .    G - +3 tower shield
rNeg    + . .      Spirit   .    H - +5 gold dragon scales
rPois   ∞          Reflect  .    (no helmet)
rElec   +          Rampage  +    (no cloak)
rCorr   .          NoTele   +    P - +1 pair of gloves {hurl}
Will    .....      Harm     + .  M - +0 pair of boots {rampage} Stlth
                                 S - amulet of Ignis's Favour {RegenMP Harm Fly Regen+ Int+4}
HPRegen 1.15/turn                z - +6 ring of strength
MPRegen 0.59/turn                R - ring of the Priest {Fly rF+ Str+4}

@: protected from physical damage, flying, mesmerised, studying Throwing, repel
missiles
A: sickness immunity, AC +9, negative energy resistance 1, electricity
resistance, torment resistance 1, petrification resistance, mutation resistance
1
a: Renounce Religion, Upheaval, Elemental Force, Disaster Area


You were in the Dungeon.
You worshipped Qazlal.
Qazlal was exalted by your worship.
You visited 1 branch

Inventory:

Hand Weapons
 B - the +7 great mace "Firestarter" {flame, inner flame, rFlCloud rF++}
   (You found it in the Dungeon)

   rFlCloud:  It grants immunity to clouds of flame.
   rF:        It greatly protects you from fire.
 C - the +16 obsidian axe (weapon) {drain, demonic, Mesm Drain Fly SInv}
   (You found it in the Dungeon)

   Mesm:      Its wielder is mesmerised by any visible foes, and it cannot be
   unequipped while any foes are visible.
   SInv:      It lets you see invisible.
   Fly:       It grants you flight.
   Drain:     It drains your maximum health when unequipped.
 D - a +5 broad axe
 E - a +5 executioner's axe
 J - the +8 rapier of Wrongful Imprisonment {flame, *Corrode rC+++}
   (You found it in the Dungeon)

   rC:        It renders you almost immune to cold.
   *Corrode:  It may corrode you when you take damage.
Missiles
 y - 2 throwing nets (quivered)
Armour
 F - a +3 kite shield
 G - a +3 tower shield (worn)
 H - +5 gold dragon scales (worn)
 M - a +0 pair of boots of rampaging (worn)
 P - a +1 pair of gloves of hurling (worn)
Jewellery
 w - a +6 ring of dexterity
 z - a +6 ring of strength (left hand)
 A - a +6 ring of strength
 L - an amulet of guardian spirit
 R - the ring of the Priest (right hand) {Fly rF+ Str+4}
   (You found it in the Dungeon)

   [ring of flight]

   Str:       It affects your strength (+4).
   rF:        It protects you from fire.
   Fly:       It grants you flight.
 S - the amulet of Ignis's Favour (around neck) {RegenMP Harm Fly Regen+ Int+4}
   (You found it in the Dungeon)

   [amulet of magic regeneration]

   It increases your rate of magic regeneration.
   Int:       It affects your intelligence (+4).
   Fly:       It grants you flight.
   Regen:     It increases your rate of health regeneration.
   Harm:      It increases damage dealt and taken.
Wands
 s - a wand of mindburst (7)
 t - a wand of light (6)
Scrolls
 j - 4 scrolls of blinking
 o - 4 scrolls of amnesia
 p - 7 scrolls of fog
 q - 5 scrolls of identify
 r - 2 scrolls of fear
 v - 4 scrolls of enchant weapon
 x - 3 scrolls of brand weapon
 N - 4 scrolls of enchant armour
Potions
 b - 2 potions of cancellation {unknown}
 d - 6 potions of might
 e - 10 potions of curing
 f - 10 potions of heal wounds
 g - 6 potions of haste
 h - 7 potions of magic
 i - 3 potions of berserk rage
 k - 2 potions of brilliance
 l - 2 potions of invisibility
 m - 4 potions of resistance
Miscellaneous
 a - a lightning rod (4/4)
 c - a phantom mirror
 n - a box of beasts
 u - a tin of tremorstones (2/2)
 Q - a phial of floods


   Skills:
 + Level 15.0 Fighting
 - Level 18.0 Axes
 - Level 20.0 Armour
 + Level 0.2 Dodging
 - Level 20.0 Shields
 + Level 15.0 Invocations
 + Level 0.2 Evocations


You had 12 spell levels left.
You didn't know any spells.
Your spell library contained the following spells:

 Spells                   Type           Power      Damage    Failure   Level
 Slow                     Hex            0%         N/A       99%         1
 Ensorcelled Hibernation  Hex/Ice        0%         N/A       100%        2
 Passwall                 Tmut/Erth      0%         N/A       100%        2
 Swiftness                Air            0%         N/A       100%        3
 Olgreb's Toxic Radiance  Pois           0%         N/A       100%        4
 Blade Hands              Tmut           0%         N/A       100%        5
 Irradiate                Conj/Tmut      0%         3d11      100%        5
 Conjure Ball Lightning   Conj/Air       0%         3x3d6     100%        6
 Dragon Form              Tmut           0%         N/A       100%        7
 Monstrous Menagerie      Summ           0%         N/A       100%        7
 Ozocubu's Refrigeration  Ice            0%         4d7       100%        7
 Storm Form               Tmut/Air       0%         N/A       100%        7
 Borgnjor's Revivificati  Necr           0%         N/A       100%        8
 Discord                  Hex            0%         N/A       100%        8
 Disjunction              Tloc           0%         N/A       100%        8
 Ignition                 Fire           0%         3d3       100%        8
 Cigotuvi's Dreadful Rot  Necr/Pois/Air  Unusable   N/A       N/A         2

Dungeon Overview and Level Annotations

Branches:
Dungeon (1/1)

Altars:
Ashenzari
Cheibriados
Dithmenos
Elyvilon
Fedhas
Gozag
Hepliaklqana
Kikubaaqudgha
Makhleb
Nemelex Xobeh
Okawaru
Qazlal
Ru
Sif Muna
Trog
Uskayaw
Vehumet
Wu Jian
Xom
Yredelemnul
Zin
The Shining One
Jiyva
Lugonu

Annotations:
D 1 transporter


Innate Abilities, Weirdness & Mutations

You are immune to sickness and miasma.
Your stone body is resilient. (AC +9)
You are immune to poison.
You resist negative energy. (rN+)
You are resistant to electric shocks. (rElec)
You are resistant to unholy torment.
You are immune to petrification.
You are somewhat resistant to further mutation.


Message History

The ancient champion hits your smoke demon with a +3 battleaxe!
Your red devil hits the iron golem from afar with a +4 demon trident of electrocution!
The iron golem is skewered by barbed spikes.
The iron golem hits your smoke demon!! The iron golem hits your smoke demon!
Your smoke demon dies!
Your smoke demon disappears in a puff of smoke!
You block the iron golem's attack. x2
You slash the ancient champion!
The ancient champion is almost destroyed.
You hit the iron golem but do no damage.
You hit the iron golem.
Visions of slaying the ancient champion flood into your mind.
The ancient champion hits you with a +3 battleaxe!!
* * * LOW HITPOINT WARNING * * *
Your red devil hits the iron golem but does no damage.
Your earth elemental hits the iron golem!!
The iron golem hits you but does no damage.
You block the iron golem's attack.
You slash the ancient champion!
You are no longer entranced.
You destroy the ancient champion!
Qazlal accepts your kill.
You hit the iron golem but do no damage. x2
You open a gate to Pandemonium!
A demon appears!
Visions of slaying the iron golem flood into your mind.
You block the iron golem's attack. x2
Your red devil hits the iron golem from afar with a +4 demon trident of electrocution.
The iron golem is skewered by barbed spikes.
Training target 18.0 for Axes reached!
Your Axes skill increases to level 18!
You need to enable at least one skill for training.
You hit the iron golem.
The iron golem is almost destroyed.
You slice the iron golem!!
Visions of slaying the iron golem flood into your mind.
Your sixfirhy hits the iron golem but does no damage. x2
The iron golem hits you!!
* * * LOW HITPOINT WARNING * * *
You block the iron golem's attack. x2; The iron golem hits you!
You die...

▓.........▓.[
▓▓▓▓▓▓▓▓▓▓▓▓.▓.....▓.▓.▓
▓...=8©8....▓....©....▓..
▓...:.[)|}..▓▓▓▓▓▓▓▓▓▓▓▓▓
▓...)=[))...▓...8©8...▓..
▓...).......▓..|.))...▓..
▓......○§3..▓....)....▓..
▓......)9.○.▓.........▓..
▓.....)9@.°.▓......)..▓..
..▓..°E.▓..▓.....).).▓..
▓▓.4.▓▓ .▓.....)...▓..
▓..▓.....▓..▓.▓.....▓.▓..
▓.....©.....▓....©....▓..
▓▓▓▓▓▓▓▓▓▓▓▓▓▓▓▓▓▓▓▓▓▓▓▓▓
▓~..8©8~~.▓...8©8...▓...8
▓~.}[))~)~▓...||)...▓..|)
▓.~|[[)=..▓...=.|)..▓...=


You could see 2 iron golems, a friendly earth elemental (summoned), a friendly
sixfirhy (summoned) and a friendly red devil (summoned).

Vanquished Creatures
  A caustic shrike (D)
  A titan (D)
  3 ancient champions (D)
  A nargun (D)
  2 war gargoyles (D)
  A merfolk impaler (D)
  A great orb of eyes (D)
  5 merfolk aquamancers (D)
  A dancing weapon (D)
  A crystal echidna (D)
  2 deep elf knights (D)
  A manticore (D)
  A deep elf zephyrmancer (D)
  2 shining eyes (D)
  A merfolk siren (D)
  A black mamba (D)
  4 eyes of devastation (D)
  2 hellions (D)
  A merfolk (D)
  A wind drake (D)
  A snapping turtle (D)
  6 slime creatures (D)
  Sigmund (D)
  A water elemental (D)
  2 fire elementals (D)
  A naga (D)
  4 floating eyes (D)
  An earth elemental (D)
  A crimson imp (D)
  A quasit (D)
  4 jellies (D)
  Jessica (D)
  An orc wizard (D)
  An ufetubus (D)
  2 orcs (D)
  2 ball pythons (D)
  7 endoplasms (D)
  A ball python simulacrum (D)
  A bat simulacrum (D)
  A giant cockroach simulacrum (D)
  A jackal simulacrum (D)
74 creatures vanquished.

Vanquished Creatures (collateral kills)
  An azure jelly (D)
  A nargun (D)
  A frost giant (D)
  A wendigo (D)
  A crystal echidna (D)
  A naga mage (D)
  An eye of devastation (D)
  A golden eye (D)
  A naga (D)
  2 endoplasms (D)
11 creatures vanquished.

Grand Total: 85 creatures vanquished

Notes
Turn   | Place    | Note
-------+----------+-------------------------------------------
     0 | D        | fozzywoppz the Gargoyle Fighter began the quest for the
                  | Orb.
     0 | D        | Reached XP level 1. HP: 14/14 MP: 1/1
     0 | D        | Found a shimmering blue altar of Sif Muna.
     0 | D        | Found a sacrificial altar of Ru.
     0 | D        | Found a bloodstained altar of Trog.
     0 | D        | Found a stormy altar of Qazlal.
     0 | D        | Found an iron altar of Okawaru.
     0 | D        | Found a sparkling altar of Nemelex Xobeh.
     0 | D        | Found a blossoming altar of Fedhas.
     0 | D        | Found the +6 Majin-Bo {spellvamp, MP+6 Int+6}
     0 | D        | Found the +27 heavy crossbow "Sniper" {heavy, Acc+∞ SInv}
     0 | D        | Found the +10 dark maul {heavy}
     0 | D        | Found the +15 Maxwell's patent armour {-Cast -Tele rElec
                  | Will+ rCorr}
     0 | D        | Found the +18 shield of the Gong {Loud rN+ Will+ rCorr
                  | EV-5}
     0 | D        | Found the +16 obsidian axe {drain, demonic, Mesm Drain Fly
                  | SInv}
     0 | D        | Found the +7 great mace "Firestarter" {flame, inner flame,
                  | rFlCloud rF++}
     0 | D        | Found the +6 shillelagh "Devastator" {shatter}
     0 | D        | Found the +11 plutonium sword {Contam Stlth-}
     0 | D        | Found the +8 lance "Wyrmbane" {slay drac, rPois rF+ rC+
                  | AC+3}
     0 | D        | Found the +9 sword of Zonguldrok {reap}
     0 | D        | Found the +13 scythe of Curses {drain, curses, Drain}
     0 | D        | Found the +9 sword of Power {lifebolt}
     0 | D        | Found the +7 mace of Variability {chaos, chain chaos}
     0 | D        | Found the +11 Singing Sword {sonic wave}
     0 | D        | Found the +8 storm bow {elec, penet}
     2 | D        | Found a transporter.
     2 | D        | Found an ancient bone altar of Kikubaaqudgha.
     2 | D        | Found a viscous altar of Jiyva.
     2 | D        | Found a corrupted altar of Lugonu.
     2 | D        | Found a hazy altar of Hepliaklqana.
     2 | D        | Found a burning altar of Makhleb.
     2 | D        | Found an opulent altar of Gozag.
    90 | D        | Became a worshipper of Qazlal Stormbringer
    97 | D        | Reached skill level 5 in Fighting
    97 | D        | Reached skill level 5 in Armour
    97 | D        | Reached skill level 5 in Shields
    97 | D        | Reached XP level 2. HP: 21/21 MP: 2/2
   100 | D        | Entered arena 2.
   100 | D        | Noticed Sigmund
   100 | D        | Noticed Jessica
   100 | D        | Found a transporter.
   105 | D        | Killed Jessica
   106 | D        | Reached skill level 1 in Invocations
   106 | D        | Reached XP level 3. HP: 15/26 MP: 2/4
   108 | D        | Killed Sigmund
   109 | D        | Reached skill level 5 in Axes
   109 | D        | Reached XP level 4. HP: 20/32 MP: 2/7
   109 | D        | Reached XP level 5. HP: 24/37 MP: 2/8
   160 | D        | Entered arena 3.
   160 | D        | Found a transporter.
   163 | D        | Reached * piety under Qazlal
   179 | D        | Entered arena 4.
   179 | D        | Noticed a great orb of eyes
   179 | D        | Found a transporter.
   183 | D        | Reached ** piety under Qazlal
   184 | D        | Reached XP level 6. HP: 44/44 MP: 9/9
   185 | D        | Reached skill level 5 in Invocations
   185 | D        | Killed a great orb of eyes
   185 | D        | Reached *** piety under Qazlal
   186 | D        | Reached XP level 7. HP: 51/51 MP: 9/12
   186 | D        | Reached XP level 8. HP: 56/56 MP: 9/13
   196 | D        | Entered arena 5.
   196 | D        | Noticed a slime creature
   196 | D        | Found a transporter.
   198 | D        | Paralysed by a floating eye for 3 turns
   202 | D        | Killed a slime creature
   203 | D        | Reached skill level 10 in Armour
   212 | D        | Entered arena 6.
   212 | D        | Noticed a slime creature
   212 | D        | Found a transporter.
   214 | D        | Reached **** piety under Qazlal
   216 | D        | Reached skill level 10 in Fighting
   216 | D        | Reached skill level 10 in Shields
   216 | D        | Killed a slime creature
   216 | D        | Reached ***** piety under Qazlal
   223 | D        | Got the Parchment of Productive Malediction
   231 | D        | Entered arena 7.
   231 | D        | Noticed a black mamba
   231 | D        | Noticed a naga mage
   232 | D        | Found a transporter.
   238 | D        | Killed a black mamba
   238 | D        | Killed a naga mage
   239 | D        | Reached XP level 9. HP: 37/64 MP: 14/16
   258 | D        | Got the +8 rapier of Wrongful Imprisonment {flame, *Corrode
                  | rC+++}
   304 | D        | Entered arena 8.
   304 | D        | Noticed an eye of devastation
   305 | D        | Found a transporter.
   307 | D        | Paralysed by a floating eye for 2 turns
   308 | D        | Reached skill level 10 in Invocations
   309 | D        | Reached ****** piety under Qazlal
   309 | D        | Killed an eye of devastation
   335 | D        | Entered arena 9.
   335 | D        | Noticed an eye of devastation
   335 | D        | Noticed an eye of devastation
   335 | D        | Noticed a shining eye
   337 | D        | Found a transporter.
   341 | D        | Gained mutation: You are somewhat resistant to further
                  | mutation. [a shining eye]
   342 | D        | Killed a shining eye
   343 | D        | Reached XP level 10. HP: 61/71 MP: 14/18
   344 | D        | Killed an eye of devastation
   345 | D        | Reached skill level 10 in Axes
   345 | D        | Killed an eye of devastation
   361 | D        | Entered arena 10.
   361 | D        | Noticed a deep elf zephyrmancer
   361 | D        | Noticed a +1 heavy hand axe
   361 | D        | Noticed a deep elf knight
   361 | D        | Noticed a deep elf knight
   362 | D        | Found a transporter.
   368 | D        | Killed a deep elf knight
   369 | D        | Reached skill level 15 in Armour
   370 | D        | Killed a +1 heavy hand axe
   372 | D        | Killed a deep elf knight
   374 | D        | Killed a deep elf zephyrmancer
   375 | D        | Reached skill level 15 in Shields
   375 | D        | Reached XP level 11. HP: 36/78 MP: 10/20
   505 | D        | Entered arena 11.
   505 | D        | Noticed a shining eye
   506 | D        | Found a transporter.
   510 | D        | Killed a shining eye
   584 | D        | Entered arena 12.
   584 | D        | Noticed a wendigo
   584 | D        | Noticed a frost giant
   584 | D        | Noticed a titan
   584 | D        | Noticed an azure jelly
   584 | D        | Noticed a nargun
   586 | D        | Noticed a nargun
   589 | D        | Found a transporter.
   589 | D        | Killed an azure jelly
   589 | D        | Killed a frost giant
   590 | D        | Killed a nargun
   592 | D        | Killed a titan
   592 | D        | Killed a wendigo
   593 | D        | Reached skill level 15 in Fighting
   593 | D        | Killed a nargun
   594 | D        | Reached XP level 12. HP: 61/87 MP: 4/22
   604 | D        | Got the ring of the Priest {Fly rF+ Str+4}
   606 | D        | Got the amulet of Ignis's Favour {RegenMP Harm Fly Regen+
                  | Int+4}
   609 | D        | Got Sif Muna's Tome of Evil and the Birds
   705 | D        | Entered arena 13.
   705 | D        | Noticed a merfolk aquamancer
   705 | D        | Noticed a merfolk aquamancer
   705 | D        | Noticed a merfolk aquamancer
   706 | D        | Killed a merfolk aquamancer
   706 | D        | Killed a merfolk aquamancer
   706 | D        | Killed a merfolk aquamancer
   706 | D        | Noticed a merfolk aquamancer
   707 | D        | Reached skill level 15 in Invocations
   707 | D        | Noticed a merfolk aquamancer
   708 | D        | Killed a merfolk aquamancer
   708 | D        | Killed a merfolk aquamancer
   708 | D        | Noticed a merfolk impaler
   709 | D        | Found a transporter.
   715 | D        | Killed a merfolk impaler
   747 | D        | Entered arena 14.
   747 | D        | Noticed a caustic shrike
   747 | D        | Noticed a war gargoyle
   747 | D        | Noticed an ancient champion
   748 | D        | Noticed an ancient champion
   748 | D        | Noticed an iron golem
   748 | D        | Noticed a crystal echidna
   748 | D        | Noticed an ancient champion
   748 | D        | Noticed a war gargoyle
   748 | D        | Noticed an iron golem
   749 | D        | Killed a war gargoyle
   749 | D        | Noticed a crystal echidna
   750 | D        | Killed a war gargoyle
   750 | D        | Killed a caustic shrike
   750 | D        | Killed a crystal echidna
   750 | D        | Killed an ancient champion
   751 | D        | Reached XP level 13. HP: 92/92 MP: 8/24
   751 | D        | Found a transporter.
   754 | D        | Killed an ancient champion
   769 | D        | Killed an ancient champion
   770 | D        | Mangled by an iron golem

Illustrated notes

Levels and vault maps discovered:
D:        sprint_v [room_start, room_1, room_2, room_3, room_4, room_5, room_6,
          room_7, room_8, room_9, room_10, room_11, room_12, room_13, room_14,
          room_15, room_16, room_17, room_18, room_19, room_20, room_21,
          room_22, room_23, room_24, room_25, room_26, room_27]

Skill      XL: |  1  2  3  4  5  6  7  8  9 10 11 12 13 |
---------------+----------------------------------------+-----
Fighting       | 5 6 7 9 11 12 13 15 | 15.0
Axes           | 3 4 5 7 9 11 12 16 18 | 18.0
Armour         | 5 6 7 9 12 14 16 18 20 | 20.0
Shields        | 5 6 7 9 10 12 15 18 20 | 20.0
Invocations    | 1 4 7 9 10 12 14 15 | 15.0
Dodging        | |  0.2
Evocations     | |  0.2

Action                     |  1- 3 |  4- 6 |  7- 9 | 10-12 | 13-15 || total
---------------------------+-------+-------+-------+-------+-------++-------
  Melee: Broad axe         |     6 |     8 |    15 |    28 |    17 ||    74
 Invoke: Disaster Area     |       |       |       |     5 |       ||     5
         Elemental Force   |       |       |       |     1 |     1 ||     2
  Evoke: Wand              |       |       |     1 |       |       ||     1
         Lightning rod     |       |       |       |     2 |       ||     2
    Use: Potion            |     1 |       |       |       |       ||     1
   Stab: Distracted        |       |       |     1 |       |       ||     1
 Armour: Gold dragon scale |     5 |    13 |     6 |    11 |     9 ||    44
  Dodge: Dodged            |       |     3 |     3 |     6 |     2 ||    14
  Block: Tower shield      |     6 |    13 |    15 |    41 |    31 ||   106

Table legend: (Time is in decaauts)
 A = Elapsed time spent in this place.
 B = Non-inter-level travel time spent in this place.
 C = Inter-level travel time spent in this place.
 D = Time resting spent in this place.
 E = Time spent auto-exploring this place.
 F = Levels seen in this place.
 G = Mean time per level.
                   A        B        C        D        E       F      G
               +--------+--------+--------+--------+--------+-----+--------+
         Total |    788 |    788 |      0 |    302 |      0 |   1 |  788.0 |
       Dungeon |    788 |    788 |      0 |    302 |      0 |   1 |  788.0 |
               +--------+--------+--------+--------+--------+-----+--------+

Top non-repeatable levels by time:
       D: 788 daAuts
